 Dungeon Crawl Stone Soup version 0.32-a0-35-gd9ff480 (webtiles) character file.

Game seed: 5831306647291783972

142 Dorkslayer the Ruffian (level 5, -1/33 HPs)
             Began as an Octopode Shapeshifter on Jan 21, 2024.
             Slain by a gnoll
             ... wielding a +0 halberd
              (6 damage)
             ... on level 3 of the Dungeon.
             The game lasted 00:03:50 (2127 turns).

Dorkslayer the Ruffian (Octopode Shapeshifter)      Turns: 2127, Time: 00:03:51

Health: -1/33      AC:  1    Str: 15    XL:     5   Next: 24%
Magic:  5/5        EV: 13    Int: 13    God:
Gold:   160        SH:  0    Dex: 17    Spells: 4/4 levels left

rFire   . .          .
                       - Unarmed
rCold   . . .        (no shield)
rNeg    . . .        (helmet currently unavailable)
rPois   .            (no amulet)
rElec   .            p - +6 ring of dexterity
rCorr   .            (no ring)
SInv    .            (no ring)
Will    .....        (no ring)
Stlth   +++          (no ring)
HPRegen 0.25/turn    (no ring)
MPRegen 0.09/turn    (no ring)
                     (no ring)

%: no passive effects
@: beast-form
A: beast (slay +1), almost no armour, amphibious, 8 rings, camouflage 1,
gelatinous body 1, (nimble swimmer 1), tentacles
a: Begin Untransformation


You were on level 3 of the Dungeon.
You were a hulking beast.
You visited 1 branch of the dungeon, and saw 3 of its levels.

You collected 160 gold pieces.

Inventory:

Hand Weapons
 r - a +0 spear
 s - a +0 hand axe
Missiles
 f - 4 atropa-tipped darts (quivered)
Jewellery
 p - a +6 ring of dexterity (left tentacle)
Talismans
 b - a beast talisman
 c - a flux talisman
Scrolls
 e - a scroll of amnesia {unknown}
 h - a scroll of identify
 j - 2 scrolls of teleportation {unknown}
 l - a scroll of acquirement {unknown}
 n - 2 scrolls of summoning {unknown}
 o - a scroll of fog {unknown}
 q - a scroll of enchant armour {unknown}
Potions
 a - a potion of lignification
 d - 3 potions of curing
 g - a potion of might {unknown}
 i - a potion of invisibility {unknown}
 k - a potion of enlightenment {unknown}
 m - a potion of cancellation {unknown}


   Skills:
 + Level 1.1 Fighting
 + Level 2.1 Dodging
 + Level 2.8 Stealth
 * Level 4.8 Unarmed Combat
 + Level 3.4 Shapeshifting


You had 4 spell levels left.
You didn't know any spells.
Your spell library contained the following spells:

 Spells                   Type           Power      Damage    Failure   Level
 Apportation              Tloc           0%         N/A       30%         1
 Necrotise                Necr           0%         1d4       30%         1
 Sting                    Conj/Alch      0%         1d3       30%         1
 Summon Small Mammal      Summ           0%         N/A       30%         1
 Lesser Beckoning         Tloc           0%         N/A       43%         2
 Gell's Gravitas          Tloc           0%         N/A       67%         3
 Teleport Other           Tloc           0%         N/A       67%         3


Dungeon Overview and Level Annotations

Branches:
Dungeon (3/15)

Altars:

Shops:
D:1 [

Annotations:
D:3 2 runed translucent doors, WhiteBreeze's ghost, weakling OpSh


Innate Abilities, Weirdness & Mutations

You are a hulking beast.
Your limbs bulge with bestial killing power. (Slay +1)
You cannot wear most types of armour.
You are amphibious.
You can wear up to eight rings at the same time.
Your skin changes colour to match your surroundings (Stealth+).
Your rubbery body absorbs attacks. (AC +1, EV +1)
((You are camouflaged when in or above water. (Stealth+)))
You have tentacles for arms and can constrict up to eight enemies at once.


Message History

Found a stone staircase leading up.
There is a stone staircase leading up here.
Found a stone staircase leading down.
Found a hand axe.
Found 13 gold pieces.
A bat comes into view.
The bat moves out of view.
You see here a +0 hand axe.
You bludgeon the bat!
You kill the bat!
You now have 160 gold pieces (gained 13).
Found an escape hatch in the ceiling.
You see here a +0 hand axe.
s - a +0 hand axe
There is a stone staircase leading down here.
Found a leather armour.
A gnoll comes into view. It is wielding a +0 halberd.
The gnoll shouts!
A gnoll comes into view. It is wielding a +0 halberd.
The gnoll hits you with a +0 halberd.
Found a stone staircase leading down.
A gnoll comes into view. It is wielding a +0 spear.
The gnoll misses you. The gnoll closely misses you.
Okay, then.
As you read the scroll labelled JEFYOSCHAIS, it crumbles to dust.
It is a scroll of identify.
d - 4 potions of curing The gnoll shouts! x2
The gnoll hits you with a +0 halberd.
The gnoll hits you from afar with a +0 halberd!
The gnoll misses you.
The gnoll hits you from afar with a +0 halberd!
* * * LOW HITPOINT WARNING * * *
You feel better.
The gnoll hits you from afar with a +0 spear!
* * * LOW HITPOINT WARNING * * *
The gnoll misses you. The gnoll closely misses you.
The gnoll hits you from afar with a +0 halberd.
You die...

###.# >.#.## .#
#.#.. ##.# #.#.#
...# #.#.####
#..# ##......
#..#
###g.g.########
#..#
#....g........# #
#..#
#.#h#######...#
.# ###..# #.#
####...###.#
.....#
#.####..........#
###.##
#...............#
#.#
######...........
#.# ####...###.#
#.#
###########...#
.# ###.#
#.............#
....#
#.#############


You could see 3 gnolls.

Vanquished Creatures
  A scorpion (D:2)
  3 adders
  A dart slug (D:3)
  2 ribbon worms
  An endoplasm (D:1)
  A giant cockroach (D:2)
  5 goblins
  4 hobgoblins
  8 jackals (D:1)
  4 kobolds
  5 ball pythons
  11 bats
  3 frilled lizards
  7 rats
56 creatures vanquished.

Notes
Turn   | Place    | Note
-------+----------+-------------------------------------------
     0 | D:1      | Dorkslayer the Octopode Shapeshifter began the quest for
                  | the Orb.
     0 | D:1      | Reached XP level 1. HP: 13/13 MP: 1/1
   304 | D:1      | Reached XP level 2. HP: 18/18 MP: 2/2
   569 | D:1      | Found Fapruidu's Antique Armour Shop.
   612 | D:1      | Reached XP level 3. HP: 23/23 MP: 3/3
  1121 | D:2      | Noticed a scorpion
  1131 | D:2      | Killed a scorpion
  1132 | D:2      | Reached skill level 1 in Stealth
  1132 | D:2      | Reached skill level 4 in Unarmed Combat
  1132 | D:2      | Reached XP level 4. HP: 28/28 MP: 4/4
  1570 | D:2      | Found a faded altar of an unknown god.
  1762 | D:3      | Found a runed translucent door.
  1764 | D:3      | Noticed WhiteBreeze's ghost (weakling OpSh)
  1782 | D:3      | Found a runed translucent door.
  1787 | D:3      | Reached XP level 5. HP: 33/33 MP: 5/5
  2127 | D:3      | Slain by a gnoll

Illustrated notes

Levels and vault maps discovered:
D:1:      dpeg_arrival_concentric_ovals, layout_basic, serial_shops, shop,
          minmay_pentomino_u2
D:2:      layout_loops_ring, basic_ecumenical_altar
D:3:      layout_loops_ring, lemuel_blue_sif_altar, ebering_ghost_sewer_f,
          chequers_garden, serial_bayou_lake_a

Skill      XL: |  1  2  3  4 |
---------------+-------------+-----
Stealth        | 1 2 |  2.8
Unarmed Combat | 4 |  4.8
Fighting       | |  1.1
Dodging        | |  2.1
Shapeshifting  | |  3.4

Action                     |  1- 3 |  4- 6 || total
---------------------------+-------+-------++-------
  Melee: Unarmed           |    54 |    40 ||    94
         Constrict         |    16 |    10 ||    26
         Punch             |     1 |       ||     1
         Tentacles         |     8 |     4 ||    12
    Use: Scroll            |       |     1 ||     1
         Potion            |       |     1 ||     1
   Stab: Sleeping          |     7 |     9 ||    16
 Armour: Skin              |    24 |    17 ||    41
  Dodge: Dodged            |    44 |    24 ||    68

Table legend: (Time is in decaauts)
 A = Elapsed time spent in this place.
 B = Non-inter-level travel time spent in this place.
 C = Inter-level travel time spent in this place.
 D = Time resting spent in this place.
 E = Time spent auto-exploring this place.
 F = Levels seen in this place.
 G = Mean time per level.
                   A        B        C        D        E       F      G
               +--------+--------+--------+--------+--------+-----+--------+
         Total |   2119 |   2119 |      0 |      0 |   1395 |   3 |  706.3 |
       Dungeon |   2119 |   2119 |      0 |      0 |   1395 |   3 |  706.3 |
               +--------+--------+--------+--------+--------+-----+--------+

Top non-repeatable levels by time:
     D:1: 963 daAuts
     D:2: 708 daAuts
     D:3: 447 daAuts
